 Dungeon Crawl Stone Soup version 0.24.0-2-g5b39cebb1c (webtiles) character file.

Game seed: 17230533117389563, levelgen mode: deterministic

37 DavidChitty2 the Skirmisher (level 3, 0/29 HPs)
             Began as a Demonspawn Abyssal Knight on Oct 30, 2019.
             Was a Follower of Lugonu.
             Slain by a hobgoblin (5 damage)
             ... on level 1 of the Dungeon.
             The game lasted 00:01:57 (1018 turns).

DavidChitty2 the Skirmisher (DsAK)                  Turns: 1018, Time: 00:01:57

Health: 0/29       AC:  3    Str: 13    XL:     3   Next: 21%
Magic:  5/5        EV: 11    Int: 13    God:    Lugonu [*.....]
Gold:   30         SH:  0    Dex: 12    Spells: 2/2 levels left

rFire    . . .     SeeInvis .   a - +1 falchion
rCold    . . .     Gourm    .   (no shield)
rNeg     . . .     Faith    .   b - +0 leather armour
rPois    .         Spirit   .   (no helmet)
rElec    .         Reflect  .   (no cloak)
rCorr    .         Harm     .   (no gloves)
MR       .....                  (no boots)
Stlth    +.........             (no amulet)
HPRegen  0.09/turn              (no ring)
MPRegen  0.09/turn              (no ring)

@: no status effects
A: demonic guardian 2
a: Depart the Abyss, Renounce Religion


You were on level 1 of the Dungeon.
You worshipped Lugonu.
Lugonu was aware of your devotion.
You were not hungry.

You visited 1 branch of the dungeon, and saw 1 of its levels.
You visited the Abyss 1 time.

You collected 30 gold pieces.

Inventory:

Hand Weapons
 a - a +1 falchion (weapon)
Missiles
 g - 10 poisoned darts (quivered)
Armour
 b - a +0 leather armour (worn)
Scrolls
 f - 2 scrolls of identify {unknown}
Potions
 d - a potion of curing {unknown}
Comestibles
 c - 10 chunks of flesh
 e - 4 rations {!d}


   Skills:
 + Level 3.2 Fighting
 * Level 2.3 Long Blades
 + Level 2.1 Armour
 + Level 1.3 Dodging
 + Level 3.0 Invocations


You had 2 spell levels left.
You didn't know any spells.
Your spell library was empty.

Dungeon Overview and Level Annotations

Branches:
Dungeon (1/15)

Altars:


Innate Abilities, Weirdness & Mutations

A demonic guardian rushes to your aid.


Message History

The jackal bites you but does no damage.
The jackal closely misses you.
You riposte.
Your leather armour prevents you from hitting the jackal.
You hit the jackal. The jackal closely misses you. x2
The jackal barely misses you. The jackal bites you.
Your leather armour prevents you from hitting the jackal.
The jackal bites you but does no damage. x2
The jackal bites you.
You barely miss the jackal. The jackal completely misses you.
You riposte.
You hit the jackal. The jackal bites you.
The jackal bites you but does no damage.
You hit the jackal but do no damage. The jackal barely misses you.
The jackal bites you but does no damage.
The jackal bites you. x2
You hit the jackal.
You kill the jackal!
Lugonu accepts your kill.
Your Invocations skill increases to level 3!
The jackal closely misses you.
You closely miss the jackal. The jackal misses you. The hobgoblin hits you.
* * * LOW HITPOINT WARNING * * *
The jackal barely misses you.
The jackal bites you but does no damage.
The jackal barely misses you. The jackal closely misses you.
The hobgoblin misses you.
You riposte.
You closely miss the hobgoblin. The jackal completely misses you.
The jackal barely misses you.
You riposte.
You closely miss the jackal. You hit the jackal. The jackal bites you.
* * * LOW HITPOINT WARNING * * *
You hit the jackal.
You kill the jackal!
Lugonu accepts your kill.
You barely miss the hobgoblin. The hobgoblin barely misses you.
The hobgoblin hits you.
* * * LOW HITPOINT WARNING * * *
You closely miss the hobgoblin. The hobgoblin barely misses you.
You closely miss the hobgoblin. The hobgoblin barely misses you.
You closely miss the hobgoblin. The hobgoblin completely misses you.
You riposte.
You barely miss the hobgoblin.
Okay, then.
You barely miss the hobgoblin. The hobgoblin barely misses you.
You hit the hobgoblin. The hobgoblin barely misses you. The hobgoblin hits you.
* * * LOW HITPOINT WARNING * * *
You barely miss the hobgoblin. The hobgoblin hits you.
* * * LOW HITPOINT WARNING * * *
You hit the hobgoblin but do no damage. The hobgoblin hits you.
* * * LOW HITPOINT WARNING * * *
You closely miss the hobgoblin. The hobgoblin hits you.
You die...

.#####...#.#.#######.#.##
.#()$#..................#
.#(!!#......#.#.#.#......
.#([g#..................#
.#####...##.#.#.#.#..#.##
.......÷.##..........###
.........##.#.#.#.#..#
########g#..........##
#@#÷.#.#.#.#.#
#............#####
#.#...######......
#.##### ####### #.# #.#
#.# ..# ###


You could see 2 hobgoblins.

Vanquished Creatures
  A gnoll (D:1)
  An ooze (D:1)
  A dart slug (D:1)
  A ball python (D:1)
  2 goblins (D:1)
  3 hobgoblins (D:1)
  3 jackals (D:1)
  A kobold (D:1)
  5 bats (D:1)
  A frilled lizard (D:1)
  A rat (D:1)
20 creatures vanquished.

Notes
Turn   | Place    | Note
-------+----------+-------------------------------------------
     0 | Abyss:1  | DavidChitty2 the Demonspawn Abyssal Knight began the quest
                  | for the Orb.
     0 | Abyss:1  | Reached XP level 1. HP: 18/18 MP: 2/2
    54 | D:1      | Escaped the Abyss
   228 | D:1      | Reached skill level 1 in Dodging
   228 | D:1      | Gained mutation: A weak demonic guardian rushes to your
                  | aid. [demonic ancestry]
   228 | D:1      | Reached XP level 2. HP: 11/24 MP: 4/4
   229 | D:1      | Reached * piety under Lugonu
   925 | D:1      | Gained mutation: A demonic guardian rushes to your aid.
                  | [demonic ancestry]
   925 | D:1      | Reached XP level 3. HP: 27/29 MP: 5/5
  1018 | D:1      | Slain by a hobgoblin

Levels and vault maps discovered:
D:1:      giann_horns, layout_loops_corners, serial_glass, glass_columns_c,
          glass_columns_c, glass_columns_a, glass_columns_c, glass_columns_a,
          glass_columns_c, due_unseen_surprise, minmay_strange_pillars,
          item_on_display_a

Skill      XL: |  1  2  3 |
---------------+----------+-----
Long Blades    | 2 |  2.3
Dodging        | 1 |  1.3
Armour         | 2 |  2.1
Invocations    | 3 |  3.0
Fighting       | |  3.2

Action                   || total
-------------------------++-------
Melee: Falchion          ||    63
Invok: Depart the Abyss  ||     1
Armor: Leather armour    ||    24
Dodge: Dodged            ||    51
       Rpst.: Falchion   ||    17
